 Dungeon Crawl Stone Soup version 0.17-a0-1409-ge6d9485 (webtiles) character file.

11212 HEYYEYAAE the Summoner (level 12, -11/86 HPs)
             Began as a Human Earth Elementalist on June 22, 2015.
             Was a High Priest of Vehumet.
             Killed by divine providence
             ... invoked by an orc high priest
              (16 damage)
             ... on level 4 of the Orcish Mines.
             The game lasted 01:11:44 (15245 turns).

HEYYEYAAE the Summoner (Human Earth Elementalist)  Turns: 15245, Time: 01:11:44

Health: -11/86     AC:  9    Str: 10    XL:     12   Next: 4%
Magic:  2/23       EV: 14    Int: 19    God:    Vehumet [*****.]
Gold:   1013       SH:  0    Dex: 14    Spells: 5 memorised, 2 levels left

rFire  + . .     SeeInvis +     q - +8 whip of Wyrd {distort, rF+ rC+ MR+}
rCold  + . .     Clarity  .     S - +2 robe {Archmagi}
rNeg   . . .     SustAt   .     (no shield)
rPois  .         Gourm    .     z - +0 helmet
rElec  .         Spirit   .     (no cloak)
rCorr  .         Warding  .     Y - +0 pair of gloves
rMut   .         Stasis   .     J - +2 pair of boots
MR     ++...                    w - amulet of faith
Stlth  ++........               h - ring of protection from magic
                                Q - ring of see invisible

@: very slightly contaminated, heavily drained, very resistant to hostile
enchantments, unstealthy
A: no striking features
a: Renounce Religion


You were on level 4 of the Orcish Mines.
You worshipped Vehumet.
Vehumet was extremely pleased with you.
You were hungry.

You visited 2 branches of the dungeon, and saw 13 of its levels.
You also visited: Bailey.

You collected 1766 gold pieces.
You spent 753 gold pieces at shops.

Inventory:

Hand weapons
 i - a +0 dagger of venom
 q - the +8 whip of Wyrd (weapon) {distort, rF+ rC+ MR+}
   (You found it on level 7 of the Dungeon)

   It warps and distorts space around it.
   Unwielding it can cause banishment or high damage.
   It protects you from fire.
   It protects you from cold.
   It affects your resistance to hostile enchantments.
 s - a +1 mace of protection
 B - a cursed -3 spear
 C - a +1 war axe of freezing
Missiles
 a - 442 stones (quivered)
Armour
 o - the +6 chain mail "Toniluin" {Int+6}
   (You found it on level 4 of the Dungeon)

   It affects your intelligence (+6).
 z - a +0 helmet (worn)
 J - a +2 pair of boots (worn)
 L - a +0 ring mail of positive energy
 S - a +2 robe of the Archmagi (worn)
 T - a +0 ring mail of fire resistance
 Y - a +0 pair of gloves (worn)
 Z - a cursed -1 robe
Magical staves
 x - an uncursed staff of death
Jewellery
 h - a ring of protection from magic (right hand)
 k - an uncursed ring of fire
 p - an uncursed amulet of stasis
 w - an amulet of faith (around neck)
 Q - a ring of see invisible (left hand)
Magical devices
 r - a wand of random effects (26)
 I - a wand of flame (28)
 O - a wand of frost (28)
 R - a wand of draining (2)
 X - a wand of digging (11)
Scrolls
 j - 3 scrolls of noise
 m - 3 scrolls of remove curse
 v - 7 scrolls of recharging
 y - 4 scrolls of amnesia
 H - 4 scrolls of enchant armour
Potions
 D - a potion of cancellation
 G - 2 potions of flight
 K - 2 potions of poison
Books
 c - a book of Geomancy

   Spells                             Type                      Level
   a - Sandblast                      Earth                        1
   b - Stoneskin                      Transmutation/Earth          2
   c - Passwall                       Transmutation/Earth          3
   d - Stone Arrow                    Conjuration/Earth            3
   e - Petrify                        Transmutation/Earth          4
   f - Lee's Rapid Deconstruction     Earth                        5
 A - a book of Callings

   Spells                             Type                      Level
   a - Summon Small Mammal            Summoning                    1
   b - Call Imp                       Summoning                    2
   c - Call Canine Familiar           Summoning                    3
   d - Summon Guardian Golem          Hexes/Summoning              3
   e - Summon Lightning Spire         Summoning/Air                4
   f - Summon Ice Beast               Ice/Summoning                4
 P - a book of the Earth

   Spells                             Type                      Level
   a - Leda's Liquefaction            Hexes/Earth                  4
   b - Bolt of Magma                  Conjuration/Fire/Earth       5
   c - Statue Form                    Transmutation/Earth          6
   d - Iron Shot                      Conjuration/Earth            6
   e - Shatter                        Earth                        9
Miscellaneous
 f - a plain deck of changes
Comestibles
 d - 7 bread rations
 g - 3 royal jellies


   Skills:
 - Level 5.5(3.8) Fighting
 - Level 2.5(0.9) Maces & Flails
 - Level 5.7(4.0) Armour
 - Level 6.2(4.5) Dodging
 - Level 2.0(0.4) Stealth
 - Level 7.3(5.5) Spellcasting
 + Level 10.3(8.4) Summonings
 - Level 1.0(0.0) Transmutations
 * Level 8.3(6.5) Earth Magic


You had 2 spell levels left.
You knew the following spells:

 Your Spells              Type           Power        Failure   Level  Hunger
a - Sandblast             Erth           #####.       1%          1    None
b - Stone Arrow           Conj/Erth      ####..       3%          3    ##.....
c - Summon Ice Beast      Ice/Summ       ####....     21%         4    ####...
d - Shatter               Erth           #####.....   100%        9    #######
e - Statue Form           Trmt/Erth      ####.....    100%        6    #######


Dungeon Overview and Level Annotations

Branches:
Dungeon (9/15)             Temple (0/1) D:4             Orc (4/4) D:9
    Elf (0/3) Orc:3
   Lair: D:8-11

Altars:
Cheibriados
Gozag
Kikubaaqudgha
Ru
Vehumet
Xom
Yredelemnul
Zin
The Shining One

Shops:
Orc:3 (?

Annotations:
D:4 Uberwunderbarhen's ghost, average TrMo
Orc:4 4thArraOfDagon's ghost, powerful FoWn


Message History

Casting: Stone Arrow
Confirm with . or Enter, or press ? or * to list all spells.
Aiming: Stone Arrow
Press: ? - help, Shift-Dir - straight line, f - orc high priest
Aim: an orc high priest, wielding a scimitar (moderately wounded, inner flame)
You feel a surge of power!
The stone arrow misses the orc high priest.
The stone arrow hits the orc warrior.
The orc warrior is heavily wounded.
You whack the orc high priest!
Space bends around the orc high priest.
The orc high priest is heavily wounded.
The orc sorcerer gestures wildly while chanting.
The orc high priest barely misses you.
The orc zombie is engulfed in roaring flames.
The orc sorcerer mumbles some strange words.
You whack the orc high priest!
Space bends around the orc high priest.
The orc high priest is severely wounded.
The orc high priest invokes the aid of Beogh against you.
Something smites you!
You die...

##....#......##.......#
##.............##.....##
#...............)....##
##....................####
##.....................#.##
#....................%#...#
##..................#....##
#.......................##
##..............@........###
#................o.........#
##.................§§§.....#
##.................Z3§...###
#..................§§§...#
#..................oo)...#
#.......................##
#.................3...#.#
#..............%......#.#
o...


You could see an ice devil, an orc high priest (inner flame), a sun demon, an
orc sorcerer (inner flame), an orc warrior (inner flame) and an orc zombie.

Vanquished Creatures
  4 orc sorcerers
  2 orc knights (Orc:3)
  Psyche (D:9)
  A troll (Orc:3)
  A queen bee (D:8)
  Grinder (D:3)
  A deep elf mage (D:9)
  2 wyverns
  A vampire mosquito (D:8)
  2 wargs
  A hungry ghost (D:7)
  4 porcupines (D:9)
  A water moccasin (D:9)
  A black bear (D:6)
  8 orc warriors
  3 ice beasts (D:8)
  3 phantoms
  2 ogres
  A sky beast (D:6)
  3 centaurs
  A big kobold (D:5)
  5 giant frogs
  3 scorpions
  9 killer bees (D:8)
  2 crimson imps
  A centaur zombie (D:8)
  13 orc priests
  7 hounds
  2 iguanas
  A jelly (D:5)
  A gnoll shaman (D:4)
  A quasit (D:8)
  13 orc wizards
  5 worker ants
  A hound skeleton (D:4)
  A worker ant zombie (D:5)
  9 adders
  5 river rats (D:6)
  A worm (D:2)
  97 orcs
  2 ball pythons
  A bat skeleton (D:8)
  12 goblins
  17 hobgoblins
  12 jackals
  3 quokkas
  12 bats
  6 giant cockroaches
  A giant cockroach zombie (D:5)
  5 giant geckos
  A giant gecko skeleton (D:8)
  3 giant newts
  30 kobolds
  A quokka skeleton (D:5)
  40 rats
  5 plants
372 creatures vanquished.

Vanquished Creatures (collateral kills)
  3 orc knights
  A two-headed ogre (Orc:3)
  A troll (D:9)
  A hungry ghost (D:9)
  A warg (Orc:4)
  7 orc warriors
  3 ogres (Orc:3)
  A giant frog (D:9)
  A killer bee (D:8)
  8 orc priests
  7 orc wizards
  59 orcs
  3 hobgoblins
96 creatures vanquished.

Vanquished Creatures (others)
  An orc sorcerer (Orc:3)
  An orc warrior (Orc:4)
  An orc wizard (Orc:1)
  An adder skeleton (D:8)
  3 orcs
7 creatures vanquished.

Grand Total: 475 creatures vanquished

Notes
Turn   | Place    | Note
--------------------------------------------------------------
     0 | D:1      | HEYYEYAAE the Human Earth Elementalist began the quest for the Orb.
     0 | D:1      | Reached XP level 1. HP: 13/13 MP: 3/3
   191 | D:1      | Reached XP level 2. HP: 10/20 MP: 3/5
   644 | D:2      | Reached XP level 3. HP: 25/25 MP: 6/6
   667 | D:2      | Found a basalt altar of Yredelemnul.
   759 | D:2      | Reached skill level 1 in Fighting
  1036 | D:2      | Learned a level 3 spell: Stone Arrow
  1053 | D:2      | You fall through a shaft!
  1055 | D:3      | Noticed Grinder
  1157 | D:4      | Reached skill level 1 in Armour
  1157 | D:4      | Reached XP level 4. HP: 8/32 MP: 3/8
  1342 | D:4      | Noticed a phantom
  1431 | D:3      | Paralysed by Grinder for 6 turns
  1856 | D:3      | Reached XP level 5. HP: 25/38 MP: 9/9
  2166 | D:3      | Killed Grinder
  2166 | D:3      | Reached skill level 4 in Earth Magic
  2166 | D:3      | Reached XP level 6. HP: 21/46 MP: 0/11
  2484 | D:4      | Found a sacrificial altar of Ru.
  2508 | D:4      | Killed a phantom
  2508 | D:4      | Reached XP level 7. HP: 22/51 MP: 0/12
  2890 | D:4      | Noticed Uberwunderbarhen's ghost (average TrMo)
  2967 | D:5      | Entered Level 5 of the Dungeon
  3290 | D:5      | Found a radiant altar of Vehumet.
  3299 | D:5      | Became a worshipper of Vehumet
  3474 | D:4      | Noticed a giant frog
  3479 | D:4      | Killed a giant frog
  3479 | D:4      | Reached skill level 5 in Earth Magic
  3479 | D:4      | Reached XP level 8. HP: 46/57 MP: 4/14
  3544 | D:4      | Found a staircase to the Ecumenical Temple.
  3573 | D:4      | Got a bronze chain mail
  3596 | D:4      | Noticed a phantom
  3632 | D:4      | Killed a phantom
  4022 | D:5      | Found a snail-covered altar of Cheibriados.
  4157 | D:5      | Acquired Vehumet's first power
  4157 | D:5      | Offered knowledge of Magic Dart by Vehumet.
  4519 | D:5      | Offered knowledge of Throw Flame by Vehumet.
  4858 | D:6      | Learned a level 4 spell: Summon Ice Beast
  4902 | D:6      | Found a shimmering altar of Xom.
  4933 | D:6      | Reached skill level 5 in Spellcasting
  5272 | D:6      | Reached skill level 1 in Summonings
  5293 | D:6      | Offered knowledge of Inner Flame by Vehumet.
  5386 | D:6      | Acquired Vehumet's second power
  5553 | D:6      | Reached XP level 9. HP: 54/64 MP: 7/16
  5572 | D:5      | Offered knowledge of Fulminant Prism by Vehumet.
  6137 | D:7      | Got a steaming whip
  6138 | D:7      | Identified the +8 whip of Wyrd {distort, rF+ rC+ MR+} (You found it on level 7 of the Dungeon)
  6290 | D:8      | Found Disoreolo's Food Emporium.
  6294 | D:8      | Bought a bread ration for 50 gold pieces
  6294 | D:8      | Bought a beef jerky for 15 gold pieces
  6294 | D:8      | Bought 4 fruits for 60 gold pieces
  6294 | D:8      | Bought a slice of pizza for 15 gold pieces
  6294 | D:8      | Bought a slice of pizza for 15 gold pieces
  6294 | D:8      | Bought a slice of pizza for 15 gold pieces
  6294 | D:8      | Bought a beef jerky for 15 gold pieces
  6294 | D:8      | Bought a bread ration for 50 gold pieces
  6432 | D:8      | Acquired Vehumet's third power
  6432 | D:8      | Reached skill level 5 in Dodging
  6432 | D:8      | Reached skill level 6 in Spellcasting
  6554 | D:8      | Offered knowledge of Irradiate by Vehumet.
  6554 | D:8      | Reached skill level 1 in Maces & Flails
  6660 | D:8      | Found a flagged portal.
  6683 | Bailey   | Entered a bailey
  6791 | D:8      | Noticed a queen bee
  7124 | D:8      | Found a glowing golden altar of the Shining One.
  7124 | D:8      | Found an ancient bone altar of Kikubaaqudgha.
  7124 | D:8      | Found an opulent altar of Gozag.
  7145 | D:8      | Reached XP level 10. HP: 66/73 MP: 4/19
  7256 | D:8      | Reached skill level 5 in Armour
  7407 | D:8      | Identified the +6 chain mail "Toniluin" {Int+6} (You found it on level 4 of the Dungeon)
  7465 | D:8      | Reached skill level 5 in Fighting
  7629 | D:8      | Killed a queen bee
  7629 | D:8      | Reached skill level 5 in Summonings
  7700 | D:9      | Reached skill level 7 in Spellcasting
  7774 | D:9      | Found a glowing silver altar of Zin.
  7959 | D:9      | Found a staircase to the Orcish Mines.
  8131 | D:9      | Found an ancient bone altar of Kikubaaqudgha.
  8136 | D:9      | Offered knowledge of Airstrike by Vehumet.
  8340 | D:9      | Noticed Psyche
  8358 | D:9      | Killed Psyche
  8435 | Orc:1    | Entered Level 1 of the Orcish Mines
  8820 | D:9      | Noticed a rust devil
  9385 | Orc:1    | Found a radiant altar of Vehumet.
  9550 | Orc:1    | Reached XP level 11. HP: 44/80 MP: 3/22
 10548 | Orc:2    | Noticed an orc knight
 10666 | Orc:3    | Offered knowledge of Fireball by Vehumet.
 10678 | Orc:3    | Learned a level 9 spell: Shatter
 10685 | Orc:3    | Learned a level 6 spell: Statue Form
 10696 | Orc:3    | Found a staircase to the Elven Halls.
 10787 | Orc:3    | Noticed an orc knight
 10788 | Orc:3    | Noticed an orc sorcerer
 11126 | Orc:2    | Killed an orc knight
 11245 | Orc:3    | Found Dibbiep's Magic Scroll Shop.
 11254 | Orc:3    | Bought a scroll of identify for 26 gold pieces
 11254 | Orc:3    | Bought a scroll of fear for 45 gold pieces
 11254 | Orc:3    | Bought a scroll of remove curse for 39 gold pieces
 11254 | Orc:3    | Bought a scroll of identify for 26 gold pieces
 11254 | Orc:3    | Bought a scroll of recharging for 123 gold pieces
 11254 | Orc:3    | Bought a scroll of enchant armour for 97 gold pieces
 11254 | Orc:3    | Bought a scroll of summoning for 123 gold pieces
 11254 | Orc:3    | Bought a scroll of teleportation for 39 gold pieces
 11360 | Orc:3    | Found Zourr's Weapon Emporium.
 11448 | Orc:3    | Noticed an orc sorcerer
 11673 | Orc:2    | Reached skill level 8 in Summonings
 11902 | Orc:3    | Killed an orc sorcerer
 11907 | Orc:3    | Banished an orc sorcerer
 11966 | Orc:3    | Killed an orc knight
 11966 | Orc:3    | Reached skill level 9 in Summonings
 12014 | Orc:3    | Noticed an orc knight
 12194 | Orc:2    | Noticed an orc warlord
 12241 | Orc:3    | Noticed an orc knight
 12392 | Orc:3    | Killed an orc knight
 12432 | Orc:3    | Noticed an orc sorcerer
 12537 | Orc:3    | Killed an orc sorcerer
 12732 | Orc:3    | Killed an orc knight
 12939 | Orc:4    | Entered Level 4 of the Orcish Mines
 13096 | Orc:4    | Noticed an orc sorcerer
 13156 | Orc:4    | Reached skill level 10 in Summonings
 13467 | Orc:4    | Noticed 4thArraOfDagon's ghost (powerful FoWn)
 13496 | Orc:4    | Noticed an orc knight
 13511 | Orc:4    | Noticed an orc sorcerer
 14228 | Orc:4    | HP: 3/80 [orc knight/great mace (28)]
 14319 | Orc:3    | Offered knowledge of Poison Arrow by Vehumet.
 14677 | Orc:3    | Killed an orc knight
 14929 | Orc:4    | Killed an orc sorcerer
 14998 | Orc:4    | Killed an orc sorcerer
 14998 | Orc:4    | Reached XP level 12. HP: 86/86 MP: 16/23
 15211 | Orc:4    | Noticed an orc knight
 15211 | Orc:4    | Noticed an orc sorcerer
 15212 | Orc:4    | Noticed an orc knight
 15212 | Orc:4    | Noticed an orc high priest
 15213 | Orc:4    | Noticed an orc sorcerer
 15242 | Orc:4    | HP: 4/86 [orc high priest/divine providence (15)]
 15245 | Orc:4    | Noticed a sun demon
 15245 | Orc:4    | Killed from afar by an orc high priest

Vault maps used:
D:1:      minmay_arrival_jagged
D:2:      yredelemnul_altar_generic
D:3:      first_bread, uniq_grinder
D:4:      minmay_temple_entry_large_hall, nicolae_ru_sacrificial_ziggurat
D:5:      kennysheep_kobold_camp, overflow_temple_1_default,
          lemuel_crystal_altar
D:6:      lemuel_ratsnest, portal_sewer_entry_a, basic_altar
D:8:      minmay_distorted_concentric_squares, gammafunk_temple_overflow_claw,
          enter_bailey_2, serial_shops, nicolae_shop_trees, david_nohive_1
D:9:      wad_woods_stonehenge, lemuel_doored_altar, orc_0_dummy, uniq_psyche
Orc:1:    basic_altar
Orc:3:    serial_shops, shop, nicolae_shop_temple_entry_statues_fountains,
          nicolae_orc_pool_cavern, guppyfry_orc_lava_fort
Orc:4:    grunt_orc_tribal_feast
Bailey:   bailey_polearm_2, bailey

Action                   |  1- 3 |  4- 6 |  7- 9 | 10-12 || total
-------------------------+-------+-------+-------+-------++-------
Melee: Dagger            |    82 |    55 |       |       ||   137
       Unarmed           |     5 |     3 |       |       ||     8
       War axe           |       |    45 |   340 |       ||   385
       Whip              |       |       |    58 |   409 ||   467
 Cast: Sandblast         |    23 |     3 |     2 |     5 ||    33
       Stone Arrow       |       |    12 |    86 |    76 ||   174
       Summon Ice Beast  |       |       |       |   129 ||   129
Evoke: Wand              |       |       |       |    18 ||    18
  Use: Potion            |       |     1 |    10 |     7 ||    18
       Scroll            |       |       |     2 |    22 ||    24
 Stab: Sleeping          |     1 |     1 |     7 |     3 ||    12
       Distracted        |       |     1 |       |     2 ||     3
       Invisible         |       |       |     2 |       ||     2
  Eat: Chunk             |     1 |       |    17 |    30 ||    48
       Meat ration       |       |     1 |     1 |       ||     2
       Pizza             |       |       |     3 |     1 ||     4
       Beef jerky        |       |       |     1 |     3 ||     4
       Fruit             |       |       |       |     4 ||     4
       Royal jelly       |       |       |       |     4 ||     4
